 Dungeon Crawl Stone Soup version 0.18.1-50-g88ac8fd (console) character file.

418 Kloppie the Covered (level 6, 0/52 HPs)
             Began as a Demigod Fighter on Oct 20, 2016.
             Killed by divine providence
             ... invoked by an orc priest
              (13 damage)
             ... on level 4 of the Dungeon.
             The game lasted 00:05:30 (2665 turns).

Kloppie the Covered (Demigod Fighter)               Turns: 2665, Time: 00:05:31

Health: 0/52       AC: 11    Str: 19    XL:     6   Next: 34%
Magic:  8/8        EV:  4    Int: 12    God:
Gold:   201        SH: 10    Dex: 19    Spells: 0 memorised, 5 levels left

rFire  . . .     SeeInvis .     a - +4 flail
rCold  . . .     Gourm    .     k - +0 plate armour
rNeg   . . .     Faith    .     c - +0 shield
rPois  .         Spirit   .     (no helmet)
rElec  .         Dismiss  .     (no cloak)
rCorr  .         Reflect  .     (no gloves)
SustAt +         Harm     .     (no boots)
MR     .....                    (no amulet)
Stlth  ..........               (no ring)
                                m - +1 ring of evasion

@: not resistant to hostile enchantments, extremely unstealthy
A: high mp 1, sustain attributes
a: no special abilities


You were on level 4 of the Dungeon.
You were not hungry.

You visited 1 branch of the dungeon, and saw 4 of its levels.

You collected 201 gold pieces.

Inventory:

Hand Weapons
 a - a +4 flail (weapon)
 q - a +0 flail
Armour
 c - a +0 shield (worn)
 k - a +0 plate armour (worn)
Jewellery
 m - a +1 ring of evasion (left hand)
Wands
 t - a wand of slowing (13/48)
Scrolls
 e - a scroll of magic mapping
Potions
 d - a potion of might
 n - a potion of agility
 o - a potion of brilliance
 p - a potion of curing
 v - 2 potions of heal wounds
Comestibles
 b - 10 chunks of flesh
 f - 3 bread rations
 g - 8 fruits
 i - 4 meat rations


   Skills:
 + Level 4.0 Fighting
 + Level 3.6 Maces & Flails
 + Level 4.2 Armour
 + Level 4.0 Shields


You had 5 spell levels left.
You didn't know any spells.

Dungeon Overview and Level Annotations

Branches:
Dungeon (4/15)
 Temple: D:4-7


Innate Abilities, Weirdness & Mutations

You have an increased reservoir of magic (+10% MP).
Your attributes are resistant to harm.


Message History

The orc priest hits you but does no damage.
The orc hits you with a war axe.
* * * LOW HITPOINT WARNING * * *
You completely miss the orc priest.
The orc priest hits you with a short sword.
* * * LOW HITPOINT WARNING * * *
The orc hits you but does no damage.
You sock the orc priest!
The orc priest is severely wounded.
The orc priest looks braver for a moment.
The giant frog skeleton hits you but does no damage.
You block the orc priest's attack.
You closely miss the orc priest.
The orc priest is severely wounded.
You block the giant frog skeleton's attack.
The orc hits you with a war axe.
* * * LOW HITPOINT WARNING * * *
The orc priest mumbles some strange prayers to Beogh against you.
Beogh smites you!
You die...

##รท## ##....## #....#
#...#####....###....#
<.).....#.#...##....##
#####....####..#.....#
# ##..#
##(...=.#...... #
#..###.....### #.... .
#.##.(......## ... .
#......###...##### . .
.......####o@Z......
.# ##..... #oo###....
#.#... #...# ###o #.
###. .....# #
##....... ##......
..#.... ....##...


You could see an orc priest, 3 orcs and a giant frog skeleton.

Vanquished Creatures
  A hound (D:4)
  3 orc priests
  3 orc wizards
  A worker ant (D:4)
  Ijyb (D:3)
  Terence (D:3)
  3 adders
  An ooze (D:4)
  An adder skeleton (D:4)
  4 worms (D:2)
  3 dart slugs
  11 orcs
  3 ball pythons
  8 bats
  4 giant cockroaches
  4 goblins
  7 hobgoblins
  6 jackals
  6 kobolds
  2 quokkas (D:2)
  3 giant newts
  A jackal zombie (D:3)
  5 rats
82 creatures vanquished.

Notes
Turn   | Place    | Note
--------------------------------------------------------------
     0 | D:1      | Kloppie the Demigod Fighter began the quest for the Orb.
     0 | D:1      | Reached XP level 1. HP: 18/18 MP: 3/3
   162 | D:1      | Reached XP level 2. HP: 25/25 MP: 4/4
   777 | D:2      | Found a blossoming altar of Fedhas.
   865 | D:2      | Reached XP level 3. HP: 31/31 MP: 5/5
  1468 | D:2      | Reached XP level 4. HP: 31/38 MP: 6/6
  1853 | D:3      | Reached XP level 5. HP: 38/45 MP: 7/7
  1974 | D:3      | Noticed Ijyb
  1990 | D:3      | Killed Ijyb
  2141 | D:3      | Noticed Terence
  2159 | D:3      | Killed Terence
  2568 | D:4      | Reached XP level 6. HP: 47/52 MP: 8/8
  2665 | D:4      | Killed from afar by an orc priest

Skill      XL: |  1  2  3  4  5  6 |
---------------+-------------------+-----
Maces & Flails | 2 3 |  3.6
Fighting       | 3 4 |  4.0
Armour         | 3 4 |  4.2
Shields        | 3 4 |  4.0

Action                   |  1- 3 |  4- 6 || total
-------------------------+-------+-------++-------
Melee: Flail             |   181 |   145 ||   326
  Use: Scroll            |       |    12 ||    12
  Eat: Chunk             |     2 |     4 ||     6
Armor: Scale mail        |    25 |       ||    25
       Plate armour      |    80 |    95 ||   175
Dodge: Dodged            |    37 |    25 ||    62
Block: Shield            |    87 |    85 ||   172
